 Dungeon Crawl Stone Soup version 0.30-a0-377-g5cb311bc9f (webtiles) character file.

Game seed: 5591400054575685813

23 KennySheep the Vexing (level 2, -3/23 HPs)
             Began as a Demigod Hexslinger on Nov 27, 2022.
             Slain by Natasha (5 damage)
             ... on level 2 of the Dungeon.
             The game lasted 00:01:41 (550 turns).

KennySheep the Vexing (Demigod Hexslinger)           Turns: 550, Time: 00:01:41

Health: -3/23      AC:  6    Str: 11    XL:     2   Next: 54%
Magic:  5/5        EV: 10    Int: 15    God:
Gold:   70         SH:  3    Dex: 14    Spells: 2/3 levels left

rFire   . . .      SeeInvis .    a - +1 sling
rCold   . . .      Faith    .    g - +0 buckler
rNeg    . . .      Spirit   .    f - +1 ring mail {Will+}
rPois   .          Reflect  .    (no helmet)
rElec   .          Harm     .    (no cloak)
rCorr   .          Rampage  .    (no gloves)
Will    +....                    (no boots)
Stlth   +.........               (no amulet)
HPRegen 0.23/turn                (no ring)
MPRegen 0.09/turn                (no ring)

@: no status effects
A: high MP 1, forlorn, divine attributes
a: no special abilities


You were on level 2 of the Dungeon.
You visited 1 branch of the dungeon, and saw 2 of its levels.

You collected 70 gold pieces.

Inventory:

Hand Weapons
 a - a +1 sling (weapon)
Armour
 c - a +0 robe
 f - a +1 ring mail of willpower (worn)
 g - a +0 buckler (worn)
Scrolls
 b - a scroll of poison
 d - a scroll of blinking
 e - a scroll of identify {unknown}


   Skills:
 + Level 1.4 Fighting
 * Level 2.4 Ranged Weapons
 + Level 0.2 Armour
 - Level 1.7 Dodging
 - Level 0.7 Stealth
 - Level 1.0 Spellcasting
 - Level 2.6 Hexes


You had 2 spell levels left.
You knew the following spells:

 Your Spells              Type           Power      Damage    Failure   Level
a - Slow                  Hex            32%        N/A       26%         1

Your spell library contained the following spells:

 Spells                   Type           Power      Damage    Failure   Level
 Inner Flame              Hex/Fire       4%         N/A       80%         3
 Portal Projectile        Hex/Tloc       8%         N/A       80%         3
 Cause Fear               Hex            4%         N/A       95%         4


Dungeon Overview and Level Annotations

Branches:
Dungeon (2/15)

Annotations:
D:2 Natasha


Innate Abilities, Weirdness & Mutations

You have an increased reservoir of magic. (+10% MP)
You shall have no god before yourself.
Your divine heritage dramatically boosts your attributes as you level up.


Message History

The bat misses you.
You shoot a sling bullet. The sling bullet hits the bat.
You kill the bat!
No target in view!
No target in view!
Natasha, Servant of Life and Death comes into view.
Natasha hisses angrily.
Natasha is nearby!
Natasha is nearby!
You shoot a sling bullet. The sling bullet misses Natasha.
Natasha casts a spell at you. The magic dart hits you.
You shoot a sling bullet. The sling bullet barely misses Natasha.
You shoot a sling bullet.
The sling bullet closely misses Natasha.
Natasha misses you.
You shoot a sling bullet. The sling bullet barely misses Natasha.
Natasha claws you.
You shoot a sling bullet.
The sling bullet closely misses Natasha.
Natasha closely misses you. Natasha claws you.
You shoot a sling bullet.
The sling bullet closely misses Natasha.
Natasha misses you.
You shoot a sling bullet. The sling bullet hits Natasha.
Natasha is moderately wounded.
Natasha closely misses you.
You shoot a sling bullet.
The sling bullet closely misses Natasha.
Natasha claws you. x2
* * * LOW HITPOINT WARNING * * *
You shoot a sling bullet. The sling bullet barely misses Natasha.
Natasha completely misses you.
You shoot a sling bullet. The sling bullet barely misses Natasha.
Natasha casts a spell at you. The magic dart hits you.
* * * LOW HITPOINT WARNING * * *
Natasha claws you but does no damage.
It was a potion of magic.
Magic courses through your body. Natasha claws you.
You die...

#.....# #.. ...
#.....# #.. ...
#.....# #.. ..
#.....#### #..
..
#........####..
#.
#..............
#.
#....._....###.
#h###.........##
#.
#.@..........##
#.
##############
#. ## # # # #


You could see Natasha.

Vanquished Creatures
  A ball python (D:2)
  2 endoplasms (D:1)
  5 goblins (D:1)
  A hobgoblin (D:1)
  3 jackals (D:1)
  A quokka (D:1)
  2 bats
  A frilled lizard (D:2)
  A kobold (D:1)
  3 rats (D:1)
20 creatures vanquished.

Notes
Turn   | Place    | Note
-------+----------+-------------------------------------------
     0 | D:1      | KennySheep the Demigod Hexslinger began the quest for the
                  | Orb.
     0 | D:1      | Reached XP level 1. HP: 15/15 MP: 4/4
    15 | D:1      | Reached skill level 1 in Fighting
    71 | D:1      | Reached XP level 2. HP: 23/23 MP: 5/5
   539 | D:2      | Noticed Natasha
   550 | D:2      | Slain by Natasha

Illustrated notes

Levels and vault maps discovered:
D:1:      lightli_arrival_boilingwater, layout_rooms
D:2:      layout_basic, serial_shops, nicolae_shop_advertising_works
          [nicolae_subvault_shop_adworks], nicolae_shop_window_shopping, shop,
          nicolae_shop_bloodbath_and_beyond, shop, basic_altar, uniq_terence,
          uniq_natasha, uniq_crazy_yiuf_cottage

Skill      XL: |  1 |
---------------+----+-----
Fighting       | 1 |  1.4
Ranged Weapons | 2 |  2.4
Armour         | |  0.2
Dodging        | |  1.7
Stealth        | |  0.7
Spellcasting   | |  1.0
Hexes          | |  2.6

Action                   || total
-------------------------++-------
 Fire: Sling             ||    74
  Use: Scroll            ||     1
       Potion            ||     1
Armor: Robe              ||     6
       Ring mail         ||     7
Dodge: Dodged            ||    38

Table legend: (Time is in decaauts)
 A = Elapsed time spent in this place.
 B = Non-inter-level travel time spent in this place.
 C = Inter-level travel time spent in this place.
 D = Time resting spent in this place.
 E = Time spent auto-exploring this place.
 F = Levels seen in this place.
 G = Mean time per level.
                   A        B        C        D        E       F      G
               +--------+--------+--------+--------+--------+-----+--------+
         Total |    581 |    559 |     22 |      0 |    392 |   2 |  290.5 |
       Dungeon |    581 |    559 |     22 |      0 |    392 |   2 |  290.5 |
               +--------+--------+--------+--------+--------+-----+--------+

Top non-repeatable levels by time:
     D:1: 498 daAuts
     D:2: 82 daAuts
